 Dungeon Crawl Stone Soup version 0.30-a0-881-g1ff12e1e11 (webtiles) character file.

Game seed: 17531341721768754453

98 lessens the Ruffian (level 4, 0/44 HPs)
             Began as a Troll Fighter on Mar 15, 2023.
             Slain by Robin
             ... wielding a +0 mace
              (3 damage)
             ... on level 2 of the Dungeon.
             The game lasted 00:02:06 (1561 turns).

lessens the Ruffian (Troll Fighter)                 Turns: 1561, Time: 00:02:07

Health: 0/44       AC:  4    Str: 26    XL:     4   Next: 44%
Magic:  3/3        EV:  8    Int:  4    God:
Gold:   127        SH:  7    Dex:  9    Spells: 3/3 levels left

rFire   . . .      SeeInvis .      - Unarmed
rCold   . . .      Faith    .    b - +0 kite shield
rNeg    . . .      Spirit   .    a - +0 robe
rPois   .          Reflect  .    (helmet restricted)
rElec   .          Rampage  .    (no cloak)
rCorr   .                        (gloves unavailable)
Will    .....                    (boots unavailable)
Stlth   +                        (no amulet)
HPRegen 1.07/turn                (no ring)
MPRegen 0.08/turn                (no ring)

@: no status effects
A: large, unfitting armour, claws 3, regeneration 1, shaggy fur 1, tough skin 1
a: no special abilities


You were on level 2 of the Dungeon.
You visited 1 branch of the dungeon, and saw 2 of its levels.

You collected 127 gold pieces.

Inventory:

Missiles
 h - 19 stones (quivered)
Armour
 a - a +0 robe (worn)
 b - a +0 kite shield (worn)
Wands
 n - a wand of charming (8)
Scrolls
 d - a scroll of amnesia {unknown}
 e - a scroll of vulnerability {unknown}
 f - 2 scrolls of teleportation {unknown}
 g - a scroll of identify {unknown}
 i - a scroll of immolation {unknown}
 k - a scroll of blinking {unknown}
 m - a scroll of enchant weapon {unknown}
 o - a scroll of fear {unknown}
 p - a scroll of enchant armour {unknown}
Potions
 c - a potion of might
 j - a potion of mutation {unknown}
 l - a potion of cancellation {unknown}


   Skills:
 - Level 2.4 Fighting
 - Level 2.4 Dodging
 - Level 2.6 Shields
 + Level 4.7 Unarmed Combat


You had 3 spell levels left.
You didn't know any spells.
Your spell library contained the following spells:

 Spells                   Type           Power      Damage    Failure   Level
 Apportation              Tloc           0%         N/A       80%         1
 Necrotise                Necr           0%         1d4       80%         1
 Summon Small Mammal      Summ           0%         N/A       80%         1
 Ensorcelled Hibernation  Hex/Ice        0%         N/A       91%         2
 Spider Form              Tmut/Pois      0%         N/A       99%         3
 Anguish                  Hex/Necr       0%         N/A       100%        4


Dungeon Overview and Level Annotations

Branches:
Dungeon (2/15) Zot: 10432

Altars:

Annotations:
D:2 Robin


Innate Abilities, Weirdness & Mutations

You are too large for most types of armour.
You have claws for hands.
Your natural rate of healing is unusually fast.
You are covered in fur. (AC +1)
You have tough skin. (AC +1)


Message History

Robin roars a battlecry!
You scratch the goblin.
The goblin is severely wounded.
The goblin hits you but does no damage.
You barely miss the goblin.
The goblin is severely wounded.
You block Robin's attack. The goblin hits you with a +0 club.
You claw the goblin!
You kill the goblin!
The goblin shouts!
You hear a shout!
The goblin hits you with a +0 dagger. Robin hits you with a +0 mace.
You closely miss the goblin. Robin hits you with a +0 mace.
The goblin hits you with a +0 dagger.
You barely miss the goblin. You block the goblin's attack.
Robin hits you with a +0 mace.
You claw the goblin!
You kill the goblin!
You block Robin's attack.
You closely miss the goblin. Robin closely misses you.
The goblin hits you with a +0 dagger.
You barely miss the goblin. Robin hits you with a +0 mace.
The goblin hits you with a +0 dagger.
You scratch the goblin but do no damage.
Robin barely misses you. The goblin hits you with a +0 dagger.
You block Robin's attack. The goblin hits you with a +0 dagger.
* * * LOW HITPOINT WARNING * * *
You scratch the goblin.
You kill the goblin!
Robin hits you with a +0 mace.
* * * LOW HITPOINT WARNING * * *
You claw Robin!
Robin is heavily wounded.
Robin hits you with a +0 mace.
* * * LOW HITPOINT WARNING * * *
You closely miss Robin.
Robin is heavily wounded.
Robin hits you with a +0 mace.
* * * LOW HITPOINT WARNING * * *
Robin attacks as you move away! Robin hits you with a +0 mace.
You die...

.#.................#######..)....
...#..†.....######## #.#.....
..........#...## #.......
..##......###..## ##.#....
.....##.### ##..# ##......
.######.# ##.## ######....... ..
..# #..####...>..##.... .... ....
##)#.......####....
.[..........####@#.......# ##.##
.... .........g).......# #..#
.... ###......)........### ##.#
#########.........####..
#.......#....... #.......########
#########


You could see Robin.

Vanquished Creatures
  Jessica (D:2)
  2 adders (D:2)
  A worm (D:2)
  2 dart slugs (D:1)
  2 bats
  2 endoplasms (D:2)
  2 giant cockroaches (D:1)
  12 goblins
  6 hobgoblins
  4 jackals (D:1)
  2 quokkas
  A ball python (D:1)
  A frilled lizard (D:1)
  2 kobolds (D:2)
  A rat (D:2)
41 creatures vanquished.

Notes
Turn   | Place    | Note
-------+----------+-------------------------------------------
     0 | D:1      | lessens the Troll Fighter began the quest for the Orb.
     0 | D:1      | Reached XP level 1. HP: 22/22 MP: 0/0
   153 | D:1      | You fall into a shaft and drop 1 floor!
   326 | D:1      | Reached XP level 2. HP: 29/29 MP: 1/1
   348 | D:1      | Reached skill level 3 in Unarmed Combat
   534 | D:1      | Found a faded altar of an unknown god.
  1262 | D:2      | Reached XP level 3. HP: 29/36 MP: 2/2
  1337 | D:2      | Noticed Jessica
  1345 | D:2      | Reached skill level 4 in Unarmed Combat
  1347 | D:2      | Killed Jessica
  1348 | D:2      | Reached XP level 4. HP: 41/44 MP: 3/3
  1482 | D:2      | Noticed Robin
  1561 | D:2      | Slain by Robin

Illustrated notes

Levels and vault maps discovered:
D:1:      scummos_arrival_gate, layout_basic, basic_ecumenical_altar,
          nicolae_figureground_sparkle
D:2:      layout_rooms, uniq_robin, uniq_jessica

Skill      XL: |  1  2  3 |
---------------+----------+-----
Unarmed Combat | 3 4 |  4.7
Fighting       | |  2.4
Dodging        | |  2.4
Shields        | |  2.6

Action                     |  1- 3 |  4- 6 || total
---------------------------+-------+-------++-------
  Melee: Unarmed           |    74 |    39 ||   113
 Armour: Robe              |    22 |    13 ||    35
  Dodge: Dodged            |    25 |    12 ||    37
  Block: Kite shield       |    18 |    21 ||    39

Table legend: (Time is in decaauts)
 A = Elapsed time spent in this place.
 B = Non-inter-level travel time spent in this place.
 C = Inter-level travel time spent in this place.
 D = Time resting spent in this place.
 E = Time spent auto-exploring this place.
 F = Levels seen in this place.
 G = Mean time per level.
                   A        B        C        D        E       F      G
               +--------+--------+--------+--------+--------+-----+--------+
         Total |   1567 |   1544 |     23 |      9 |   1211 |   2 |  783.5 |
       Dungeon |   1567 |   1544 |     23 |      9 |   1211 |   2 |  783.5 |
               +--------+--------+--------+--------+--------+-----+--------+

Top non-repeatable levels by time:
     D:1: 1183 daAuts
     D:2: 383 daAuts
